 Dungeon Crawl Stone Soup version 0.26-a0-707-g31817bc (webtiles) character file.

Game seed: 12449590240416432564

247 Mopster the Chopper (level 5, -6/47 HPs)
             Began as a Minotaur Berserker on Oct 26, 2020.
             Was a Priest of Trog.
             Mangled by a mummy (18 damage)
             ... in an ossuary.
             The game lasted 00:07:27 (2884 turns).

Mopster the Chopper (Minotaur Berserker)            Turns: 2884, Time: 00:07:28

Health: -6/47      AC:  6    Str: 22    XL:     5   Next: 85%
Magic:  4/4        EV: 12    Int:  4    God:    Trog [***...]
Gold:   209        SH:  0    Dex: 10    Spells: 4/4 levels left

rFire    . . .     SeeInvis .   a - +0 hand axe
rCold    . . .     Faith    .   (no shield)
rNeg     . . .     Spirit   .   n - +3 leather armour
rPois    .         Reflect  .   (helmet restricted)
rElec    .         Harm     .   (no cloak)
rCorr    .         Rampage  .   (no gloves)
MR       ++...                  (no boots)
Stlth    +.........             (no amulet)
HPRegen  1.15/turn              (no ring)
MPRegen  0.09/turn              (no ring)

@: berserk cooldown, regenerating, slowed, very slow
A: retaliatory headbutt, horns 2
a: Berserk, Trog's Hand, Renounce Religion


You were in an ossuary.
You worshipped Trog.
Trog was most pleased with you.
You visited 1 branch of the dungeon, and saw 4 of its levels.
You also visited: Ossuary.

You collected 209 gold pieces.

Inventory:

Hand Weapons
 a - a +0 hand axe (weapon)
Armour
 h - a +0 plate armour
 n - a +3 leather armour (worn)
Scrolls
 c - a scroll of random uselessness
 e - 2 scrolls of remove curse
 f - a scroll of blinking {unknown}
 i - 5 scrolls of identify {unknown}
 l - a scroll of immolation {unknown}
 m - 2 scrolls of teleportation {unknown}
 p - a scroll of enchant armour {unknown}
Potions
 b - 2 potions of might {unknown}
 d - a potion of mutation {unknown}
 g - a potion of invisibility {unknown}
 j - a potion of stabbing {unknown}
 k - a potion of ambrosia {unknown}
 o - a potion of curing {unknown}
 q - a potion of flight {unknown}


   Skills:
 * Level 4.7 Fighting
 + Level 5.9 Axes
 * Level 4.1 Armour
 * Level 3.2 Dodging
   Level 0.4 Evocations


You had 4 spell levels left.
You didn't know any spells.
Your spell library was empty.

Dungeon Overview and Level Annotations

Branches:
Dungeon (4/15)             Temple (0/1) D:4         Ossuary (1/1)

Altars:
Dithmenos
Fedhas
Kikubaaqudgha
Nemelex Xobeh
Yredelemnul

Annotations:
D:3 1 runed translucent door, Gridlocked's ghost, amateur GrFi


Innate Abilities, Weirdness & Mutations

You reflexively headbutt those who attack you in melee.
You have a pair of horns on your head.


Message History

You hit the mummy. The mummy hits you.
* * * LOW HITPOINT WARNING * * *
The mummy barely misses you.
You closely miss the mummy.
The mummy is almost destroyed.
You hit the mummy but do no damage. The mummy closely misses you.
You hit the mummy.
You destroy the mummy!
Trog accepts your kill.
You hit the mummy. You hit the mummy.
The mummy is heavily damaged.
The mummy barely misses you.
You hit the mummy. Your headbutt misses the mummy.
The mummy is severely damaged.
The mummy hits you but does no damage.
You completely miss the mummy. Your headbutt misses the mummy.
The mummy is severely damaged.
The mummy hits you!!
You die...

........#
......#
#....#
#....#
#....#
#....#
#....#
#.M..#
#@...#
#....#
#.∩∩.#
######


You could see a mummy.

Vanquished Creatures
  A hound (D:4)
  4 mummies
  Robin (D:3)
  4 gnolls (D:3)
  An adder (D:3)
  A worm (D:3)
  A dart slug (D:3)
  2 leopard geckos
  2 orcs (D:3)
  A ball python (D:1)
  7 bats
  4 giant cockroaches
  A gnoll zombie (Ossuary)
  21 goblins
  9 hobgoblins
  7 jackals (D:1)
  7 kobolds
  3 quokkas
  7 frilled lizards
  2 kobold zombies (Ossuary)
  4 orc zombies (Ossuary)
  8 rats
98 creatures vanquished.

Notes
Turn   | Place    | Note
-------+----------+-------------------------------------------
     0 | D:1      | Mopster the Minotaur Berserker began the quest for the Orb.
     0 | D:1      | Reached XP level 1. HP: 19/19 MP: 0/0
   142 | D:1      | Reached XP level 2. HP: 27/27 MP: 1/1
   169 | D:1      | Reached skill level 4 in Axes
   414 | D:1      | You fall into a shaft and drop 1 floor!
   758 | D:2      | Found an ancient bone altar of Kikubaaqudgha.
   758 | D:2      | Found a shadowy altar of Dithmenos.
   761 | D:2      | Found a sparkling altar of Nemelex Xobeh.
   810 | D:2      | Reached ** piety under Trog
   810 | D:2      | Reached XP level 3. HP: 32/33 MP: 2/2
  1830 | D:2      | Found a basalt altar of Yredelemnul.
  1832 | D:2      | Found a blossoming altar of Fedhas.
  1993 | D:3      | Found a runed translucent door.
  2068 | D:3      | Noticed Robin
  2072 | D:3      | Reached XP level 4. HP: 40/40 MP: 3/3
  2082 | D:3      | Reached *** piety under Trog
  2086 | D:3      | Killed Robin
  2086 | D:3      | Reached skill level 5 in Axes
  2122 | D:3      | Noticed Gridlocked's ghost (amateur GrFi)
  2302 | D:3      | Reached XP level 5. HP: 47/47 MP: 4/4
  2651 | D:4      | Found a staircase to the Ecumenical Temple.
  2685 | D:4      | Found a sand-covered staircase.
  2827 | Ossuary  | Entered an ossuary
  2884 | Ossuary  | Mangled by a mummy

Illustrated notes

Levels and vault maps discovered:
D:1:      eino_arrival_water_star, layout_basic
D:2:      minmay_evil_eye, layout_basic, nicolae_overflow_hidden_temple,
          kennysheep_nub, minmay_misc_feat_encased
D:3:      layout_basic, ebering_ghost_sewer_d, uniq_robin
D:4:      layout_basic, temple_pool_b, nicolae_ossuary_entry_giza,
          nicolae_ru_great_annihilating_truth
Ossuary:  ossuary_tomb_3

Skill      XL: |  1  2  3  4  5 |
---------------+----------------+-----
Axes           | 4 5 |  5.9
Fighting       | 4 |  4.7
Armour         | 3 4 |  4.1
Dodging        | 3 |  3.2
Evocations     | |  0.4

Action                   |  1- 3 |  4- 6 || total
-------------------------+-------+-------++-------
Melee: Hand axe          |   106 |    64 ||   170
       Headbutt          |    14 |     9 ||    23
Invok: Berserk           |     1 |     3 ||     4
       Trog's Hand       |       |     1 ||     1
Evoke: Wand              |       |     9 ||     9
  Use: Scroll            |       |     3 ||     3
Armor: Animal skin       |     8 |       ||     8
       Plate armour      |    36 |     6 ||    42
       Leather armour    |       |    11 ||    11
Dodge: Dodged            |    51 |    36 ||    87

Table legend: (Time is in decaauts)
 A = Elapsed time spent in this place.
 B = Non-inter-level travel time spent in this place.
 C = Inter-level travel time spent in this place.
 D = Time resting spent in this place.
 E = Time spent auto-exploring this place.
 F = Levels seen in this place.
 G = Mean time per level.
                   A        B        C        D        E       F      G
               +--------+--------+--------+--------+--------+-----+--------+
         Total |   2935 |   2729 |    206 |    152 |   2125 |   5 |  587.0 |
       Dungeon |   2872 |   2666 |    206 |    145 |   2125 |   4 |  718.0 |
       Ossuary |     62 |     62 |      0 |      7 |      0 |   1 |   62.0 |
               +--------+--------+--------+--------+--------+-----+--------+

Top non-repeatable levels by time:
     D:2: 1101 daAuts
     D:1: 896 daAuts
     D:3: 670 daAuts
     D:4: 205 daAuts
 Ossuary: 62 daAuts
